 Dungeon Crawl Stone Soup version 0.28.0-43-g3370ac3207 (webtiles) character file.

Game seed: 8398706447974469338

11684 safid the Severer (level 11, -1/89 HPs)
             Began as a Hill Orc Fighter on Mar 7, 2022.
             Was a Priest of Beogh.
             Slain by a manticore (9 damage)
             ... on level 14 of the Dungeon.
             The game lasted 00:26:34 (13523 turns).

safid the Severer (Hill Orc Fighter)               Turns: 13523, Time: 00:26:35

Health: -1/89      AC: 16    Str: 24    XL:     11   Next: 81%
Magic:  14/14      EV:  6    Int:  8    God:    Beogh [***...]
Gold:   888        SH:  7    Dex: 10    Spells: 10/10 levels left

rFire   . . .      SeeInvis .   x - +7 broad axe (freeze)
rCold   . . .      Faith    .   c - +0 buckler
rNeg    . . .      Spirit   .   h - +0 plate armour
rPois   +          Reflect  .   G - +0 helmet
rElec   .          Harm     .   O - +0 cloak
rCorr   .          Rampage  .   S - +0 pair of gloves
Will    ++...                   (no boots)
Stlth   ..........              (no amulet)
HPRegen 0.24/turn               z - ring of willpower
MPRegen 0.14/turn               K - ring "Semoe" {rPois Will+}

@: studying Shields
A: no striking features
a: Renounce Religion, Smiting


You were on level 14 of the Dungeon.
You worshipped Beogh.
Beogh was most pleased with you.
You visited 1 branch of the dungeon, and saw 12 of its levels.
You also visited: Ossuary.

You collected 1632 gold pieces.
You spent 744 gold pieces at shops.

Inventory:

Hand Weapons
 x - a +7 broad axe of freezing (weapon)
 H - the +7 spear of Imbalance {venom, *Rage +Blink rC+}
   (You found it on level 8 of the Dungeon)

   It poisons the flesh of those it strikes.
   rC:        It protects you from cold.
   +Blink:    It lets you blink.
   *Rage:     It berserks you when you make melee attacks (+20% chance).
Missiles
 b - 4 curare-tipped darts
 v - 14 poisoned darts
 y - 5 throwing nets (quivered)
Armour
 c - a +0 buckler (worn)
 h - a +0 plate armour (worn)
 n - the +1 chain mail of the Chupacabra {+Blink rCorr Int+5 Dex-4}
   (You found it on level 3 of the Dungeon)

   Int:       It affects your intelligence (+5).
   Dex:       It affects your dexterity (-4).
   +Blink:    It lets you blink.
   rCorr:     It protects you from acid and corrosion.
 G - a +0 helmet (worn)
 O - a +0 cloak (worn)
 S - a +0 pair of gloves (worn)
Jewellery
 z - a ring of willpower (left hand)
 B - a ring of protection from cold
 K - the ring "Semoe" (right hand) {rPois Will+}
   (You found it in an ossuary)

   [ring of willpower]

   rPois:     It protects you from poison.
   Will:      It increases your willpower.
 Q - a ring of fire
Wands
 a - a wand of iceblast (14)
 p - a wand of paralysis (7)
 q - a wand of flame (10)
 A - a wand of digging (7)
 E - a wand of mindburst (12)
 F - a wand of polymorph (13)
Scrolls
 f - 6 scrolls of teleportation
 k - 3 scrolls of magic mapping {unknown}
 l - a scroll of blinking
 o - 3 scrolls of fear {unknown}
 u - 4 scrolls of fog
 D - 2 scrolls of immolation {unknown}
 L - a scroll of enchant armour {unknown}
 N - a scroll of silence
 P - 2 scrolls of torment {unknown}
 R - a scroll of brand weapon {unknown}
Potions
 d - a potion of might
 e - 2 potions of lignification
 g - a potion of resistance {unknown}
 i - 2 potions of heal wounds {unknown}
 j - 2 potions of ambrosia
 m - 4 potions of berserk rage
 r - a potion of magic
 s - 2 potions of haste
 t - 10 potions of curing
 C - 2 potions of invisibility
 J - 2 potions of cancellation {unknown}
 M - a potion of experience {unknown}
 T - a potion of mutation


   Skills:
 + Level 6.0 Fighting
 - Level 18.0 Axes
 + Level 5.7 Armour
 - Level 14.0 Shields
 + Level 4.7 Invocations
 + Level 3.4 Evocations


You had 10 spell levels left.
You didn't know any spells.
Your spell library contained the following spells:

 Spells                   Type           Power      Damage    Failure   Level
 Magic Dart               Conj           0%         1d3       100%        1
 Blink                    Tloc           0%         N/A       100%        2
 Call Imp                 Summ           0%         N/A       100%        2
 Ensorcelled Hibernation  Hex/Ice        0%         N/A       100%        2
 Passwall                 Tmut/Erth      0%         N/A       100%        2
 Conjure Flame            Conj/Fire      0%         6-21      100%        3
 Ignite Poison            Fire/Tmut/Pois 0%         N/A       100%        3
 Lesser Beckoning         Tloc           0%         N/A       100%        3
 Mephitic Cloud           Conj/Pois/Air  0%         N/A       100%        3
 Swiftness                Air            0%         N/A       100%        3
 Sticky Flame             Conj/Fire      0%         2d3       100%        4
 Manifold Assault         Tloc           0%         N/A       100%        5


Dungeon Overview and Level Annotations

Branches:
Dungeon (11/15)            Temple (0/1) D:4            Lair (0/6) D:8
    Orc (0/2) D:11        Ossuary (visited)

Altars:
Kikubaaqudgha

Shops:
D:1 =   D:10 !

Annotations:
D:10 1 runed translucent door, GilGalad's ghost, novice DDFi


Message History

Found a metallic blue potion.
Found a stone staircase leading down.
As you read the scroll of blinking, it crumbles to dust.
A manticore comes into view.
Found 13 stones.
Found a robe.
The manticore barely misses you.
The manticore claws you but does no damage. x2
You slice the manticore!! You freeze the manticore.
The manticore is heavily wounded.
The manticore bites you.
* * * LOW HITPOINT WARNING * * *
The manticore claws you.
* * * LOW HITPOINT WARNING * * *
You block the manticore's attack.
You hit the manticore. You freeze the manticore.
The manticore is heavily wounded.
You block the manticore's attack.
The manticore claws you but does no damage.
The manticore closely misses you.
Unknown command.
You feel better. The vampire mosquito bites you!
* * * LOW HITPOINT WARNING * * *
The vampire mosquito draws strength from your injuries!
The vampire mosquito completely misses you.
The vampire mosquito bites you but does no damage.
The manticore bites you but does no damage.
The manticore claws you but does no damage.
You block the manticore's attack.
You hear an angry buzzing noise.
You barely miss the manticore.
The manticore is heavily wounded.
You barely miss the vampire mosquito. You slash the vampire mosquito!
You freeze the vampire mosquito.
The vampire mosquito bites you but does no damage. x2
Unknown command.
You hit the manticore. You freeze the manticore.
The manticore is severely wounded.
You barely miss the vampire mosquito. You slice the vampire mosquito!!
You freeze the vampire mosquito!
The vampire mosquito barely misses you. x2
The manticore bites you!
You die...

# # ###.# ...
#######.....#
#...!##.#.#.#....#
.....#...........H...###
.............##y@......[
#.........y...#y..#.....
#.......................
.........y.##.#........#
.$........# #.#>........
........#. ...........#
....y§..## . .........(.
........###. ...........
..o......#


You could see a manticore and 2 vampire mosquitoes.

Vanquished Creatures
  Harold (D:7)
  Erica (D:8)
  A tengu warrior (D:11)
  Pikel (D:7)
  3 manticores
  Maurice (D:8)
  A komodo dragon (D:8)
  An unseen horror (D:11)
  A tengu conjurer (D:11)
  2 shadows
  3 wraiths
  2 wyverns (D:8)
  4 yaks (D:10)
  A steam dragon (D:8)
  7 vampire mosquitoes
  Menkaure (D:4)
  2 water moccasins
  7 orc warriors
  2 necrophages
  3 ogres
  A centaur (D:3)
  2 kobold brigands
  2 gnoll sergeants
  6 bullfrogs
  A wyvern zombie (Ossuary)
  2 water moccasin zombies (Ossuary)
  5 wights (D:9)
  9 killer bees
  4 howler monkeys
  4 centaur zombies
  8 bullfrog zombies
  4 hounds
  4 orc priests (D:9)
  A centaur skeleton (D:7)
  A jelly (D:4)
  Ijyb (D:2)
  Terence (D:2)
  6 iguanas
  17 mummies (Ossuary)
  5 orc wizards
  2 killer bee zombies
  A hound zombie (D:5)
  A hound skeleton (D:4)
  2 howler monkey skeletons
  8 gnolls
  4 adders
  A shadow imp (D:8)
  An adder zombie (D:5)
  A worm (D:3)
  2 dart slugs (D:1)
  25 orcs
  A bat zombie (D:9)
  6 endoplasms
  8 giant cockroaches
  16 goblins
  8 hobgoblins
  2 jackals (D:4)
  3 quokkas
  9 ball pythons
  8 bats
  6 frilled lizards
  16 kobolds
  5 rats
  A rat zombie (D:9)
266 creatures vanquished.

Vanquished Creatures (collateral kills)
  A warg (D:11)
  An orc wizard (D:14)
  An orc (D:14)
3 creatures vanquished.

Vanquished Creatures (others)
  2 orc priests
  An orc wizard (D:8)
  5 orcs
  3 plants (D:8)
  2 withered plants (Ossuary)
13 creatures vanquished.

Grand Total: 282 creatures vanquished

Notes
Turn   | Place    | Note
-------+----------+-------------------------------------------
     0 | D:1      | safid the Hill Orc Fighter began the quest for the Orb.
     0 | D:1      | Reached XP level 1. HP: 19/19 MP: 1/1
    88 | D:1      | Reached XP level 2. HP: 27/27 MP: 2/2
    90 | D:1      | Reached skill level 3 in Axes
   321 | D:1      | Found Zyxkear's Jewellery Shop.
   351 | D:1      | Reached XP level 3. HP: 29/33 MP: 3/3
  1346 | D:2      | Noticed Terence
  1363 | D:2      | Killed Terence
  1364 | D:2      | Reached skill level 4 in Axes
  1364 | D:2      | Reached XP level 4. HP: 3/40 MP: 4/4
  1665 | D:2      | Noticed Ijyb
  1681 | D:2      | Paralysed by Ijyb for 6 turns
  1691 | D:2      | Paralysed by Ijyb for 4 turns
  1695 | D:2      | Killed Ijyb
  1696 | D:2      | Reached skill level 5 in Axes
  1949 | D:2      | Found a faded altar of an unknown god.
  1997 | D:2      | Reached XP level 5. HP: 45/46 MP: 5/5
  2275 | D:3      | Identified the +1 chain mail of the Chupacabra {+Blink
                  | rCorr Int+5 Dex-4}
  2305 | D:3      | Noticed a centaur
  2319 | D:3      | Killed a centaur
  2320 | D:3      | Reached skill level 6 in Axes
  3096 | D:3      | Reached XP level 6. HP: 48/52 MP: 6/6
  3225 | D:3      | Reached skill level 7 in Axes
  3580 | D:4      | Noticed Menkaure
  3586 | D:4      | Killed Menkaure
  3587 | D:4      | Reached skill level 8 in Axes
  3753 | D:4      | Reached XP level 7. HP: 55/59 MP: 7/7
  3854 | D:4      | Reached skill level 9 in Axes
  4240 | D:4      | Found a staircase to the Ecumenical Temple.
  4519 | D:5      | Entered Level 5 of the Dungeon
  4539 | D:5      | Reached skill level 10 in Axes
  4878 | D:5      | Reached skill level 11 in Axes
  4878 | D:5      | Reached XP level 8. HP: 53/66 MP: 8/8
  5249 | D:5      | Identified 3 scrolls of acquirement
  5249 | D:5      | Acquired a manual of Shields
  5250 | D:5      | Acquired a +4 broad axe of freezing
  5255 | D:5      | Acquired 1004 gold pieces
  5621 | D:6      | Reached skill level 12 in Axes
  6180 | D:7      | Noticed Harold
  6193 | D:7      | Reached skill level 5 in Shields
  6588 | D:1      | Bought a ring of poison resistance for 240 gold pieces
  6789 | D:7      | Killed Harold
  6790 | D:7      | Reached skill level 13 in Axes
  6790 | D:7      | Reached XP level 9. HP: 13/71 MP: 9/9
  6791 | D:7      | HP: 2/71 [killer bee (3)]
  7423 | D:7      | Reached skill level 14 in Axes
  7562 | D:7      | Noticed Pikel
  7569 | D:7      | Killed Pikel
  7570 | D:7      | Reached skill level 10 in Shields
  8208 | D:8      | Reached XP level 10. HP: 61/78 MP: 10/10
  8300 | D:8      | Became a worshipper of Beogh the Brigand
  8320 | D:8      | Identified the +7 spear of Imbalance {venom, *Rage +Blink
                  | rC+}
  8387 | D:8      | Found a sand-covered staircase.
  8392 | D:8      | Noticed Maurice
  8394 | Ossuary  | Entered an ossuary
  8426 | Ossuary  | Reached skill level 15 in Axes
  8820 | Ossuary  | Identified the ring "Semoe" {rPois Will+}
  9212 | D:8      | Reached * piety under Beogh
  9241 | D:8      | Killed Maurice
  9561 | D:8      | Noticed Erica
  9567 | D:8      | Killed Erica
  9568 | D:8      | Reached skill level 16 in Axes
  9772 | D:8      | Found a staircase to the Lair.
 10715 | D:9      | Reached skill level 17 in Axes
 10786 | D:9      | Reached XP level 11. HP: 74/84 MP: 11/11
 10787 | D:9      | Reached ** piety under Beogh
 11174 | D:9      | Found an ancient bone altar of Kikubaaqudgha.
 11334 | D:9      | Noticed a cyclops
 11335 | D:9      | Noticed a manticore
 11343 | D:9      | Noticed a mana viper
 11361 | D:10     | Entered Level 10 of the Dungeon
 11433 | D:10     | Found a runed translucent door.
 11626 | D:10     | Found Ykick's Distillery.
 11631 | D:10     | Bought a potion of haste for 120 gold pieces
 11631 | D:10     | Bought a potion of curing for 36 gold pieces
 11631 | D:10     | Bought a potion of mutation for 96 gold pieces
 11631 | D:10     | Bought a potion of lignification for 36 gold pieces
 11631 | D:10     | Bought a potion of curing for 36 gold pieces
 11631 | D:10     | Bought a potion of curing for 36 gold pieces
 11631 | D:10     | Bought a potion of degeneration for 12 gold pieces
 11631 | D:10     | Bought a potion of attraction for 36 gold pieces
 11631 | D:10     | Bought a potion of magic for 96 gold pieces
 11742 | D:10     | Reached skill level 18 in Axes
 12124 | D:10     | Reached skill level 1 in Invocations
 12137 | D:10     | Reached skill level 1 in Evocations
 12463 | D:10     | Noticed GilGalad's ghost (novice DDFi)
 12620 | D:11     | Reached *** piety under Beogh
 12804 | D:11     | Found a staircase to the Orcish Mines.
 13311 | D:11     | Reached skill level 5 in Fighting
 13338 | D:11     | Noticed a tengu warrior
 13341 | D:11     | Killed a tengu warrior
 13342 | D:11     | Reached skill level 5 in Armour
 13373 | D:11     | Noticed a manticore
 13380 | D:11     | Killed a manticore
 13447 | D:11     | You fall into a shaft and drop 3 floors!
 13447 | D:14     | Noticed a manticore
 13447 | D:14     | Noticed a manticore
 13454 | D:14     | Killed a manticore
 13462 | D:14     | Killed a manticore
 13487 | D:14     | Noticed a fire dragon
 13515 | D:14     | Noticed a manticore
 13523 | D:14     | Slain by a manticore

Illustrated notes

Levels and vault maps discovered:
D:1:      matt_arrival_refuge, layout_basic, serial_shops, shop,
          minmay_octomino_c4
D:2:      kennysheep_the_goblin_king, layout_basic,
          chequers_ecumenical_altar_grove, uniq_terence
D:3:      layout_basic, minmay_goblin_outpost
D:4:      layout_rooms, minmay_temple_entry_gardened_gates,
          minmay_close_crescents, uniq_menkaure
D:5:      layout_basic, lemuel_another_geyser
D:6:      layout_basic, minmay_fractal_squares_diagonal_5
D:7:      layout_loops_ring, uniq_harold, uniq_pikel
D:8:      layout_basic, david_lair_shrubbed, enter_ossuary_1, lightli_minifort,
          uniq_erica, uniq_maurice
D:9:      layout_irregular_city, lemuel_zombie_altar_kikubaaqudgha,
          onia_ninara_dug_in_and_dangerous
D:10:     layout_small_grid, ebering_ghost_reflecting_pool, serial_shops,
          nicolae_shop_hallway_plus
D:11:     minmay_distorted_concentric_squares, layout_basic, erik_orc_3,
          kennysheep_minor_cross
D:14:     layout_cave_pools, erik_vaults_1, minivault_27, sword_in_stone,
          uniq_snorg

Skill      XL: |  1  2  3  4  5  6  7  8  9 10 11 |
---------------+----------------------------------+-----
Axes           | 3 4 5 6 8 11 13 14 17 18 | 18.0
Fighting       | 4 6 |  6.0
Armour         | 4 5 |  5.7
Shields        | 4 9 11 14 | 14.0
Invocations    | 4 |  4.7
Evocations     | 3 |  3.4

Action                   |  1- 3 |  4- 6 |  7- 9 | 10-12 || total
-------------------------+-------+-------+-------+-------++-------
Melee: War axe           |   123 |   136 |    85 |       ||   344
       Broad axe         |       |       |   101 |   349 ||   450
Invok: Convert to Beogh  |       |       |       |     1 ||     1
  Use: Scroll            |       |       |    11 |     8 ||    19
       Potion            |       |       |     1 |     3 ||     4
Armor: Scale mail        |    34 |       |       |       ||    34
       Plate armour      |    43 |   115 |    90 |   175 ||   423
Dodge: Dodged            |    54 |    47 |    63 |    62 ||   226
Block: Buckler           |    25 |    26 |    36 |    97 ||   184
